AoeStats
← Bugsibär

Arabia

507690683Analyzed
1v1 RM · 13d ago on Sep 19, 2026· 37m 1s· 2 players
Game mode
Random Map
Map size
Tiny (2 player)
Population
200
Speed
Normal
Resources
Standard
Victory
Conquest
Starting age
Dark Age
Ending age
Imperial Age
RankedLock teamsTeams togetherTeam positionsShared explorationLock speedFull tech treeHidden civsTurbo modeCheats
Victory
Defeat
🇩🇪 Vikings · Germany
1729
+16
🇺🇸 Saracens · United States
1724
-16
z1unknown
6:26 Loom
9:19 Feudal Age
9:41 Man-at-Arms
15:14 Double-Bit Axe
16:39 Fletching
24:24 Castle Age
22:30 Horse Collar
24:58 Scale Barding Armor
24:29 Crossbowman
25:16 Bodkin Arrow
25:24 Elite Skirmisher
26:18 Bow Saw
26:39 Padded Archer Armor
28:06 Leather Archer Armor
28:30 Ballistics
Bugsibär
6:53 Loom
10:06 Feudal Age
10:35 Double-Bit Axe
10:17 Man-at-Arms
11:00 Double-Bit Axe
17:43 Fletching
18:22 Padded Archer Armor
26:38 Castle Age
25:30 Gold Mining
25:21 Horse Collar
27:20 Bodkin Arrow
27:40 Leather Archer Armor
26:59 Crossbowman
35:05 Imperial Age
33:56 Leather Archer Armor
35:10 Arbalester
35:53 Bracer
36:48 Ballistics
Connection lost

Rejoining the realm…

Still unreachable

The connection could not be restored.

Session expired

The server has moved on; the page needs a fresh start.